 Dungeon Crawl Stone Soup version 0.22-b1-21-g5cfc168 (webtiles) character file.

221 tyranidshit the Skirmisher (level 5, -3/66 HPs)
             Began as a Demonspawn Abyssal Knight on Aug 2, 2018.
             Was a Believer of Lugonu.
             Slain by an ogre
             ... wielding a +0 giant club
              (15 damage)
             ... on level 4 of the Dungeon.
             The game lasted 00:05:40 (2574 turns).

tyranidshit the Skirmisher (DsAK)                   Turns: 2574, Time: 00:05:41

Health: -3/66      AC: 14    Str: 18    XL:     5   Next: 65%
Magic:  6/6        EV:  7    Int: 14    God:    Lugonu [**....]
Gold:   117        SH:  0    Dex: 12    Spells: 4/4 levels left

rFire    . . .     SeeInvis .   a - +2 hand axe
rCold    . . .     Gourm    .   (no shield)
rNeg     . . .     Faith    .   m - +0 chain mail
rPois    .         Spirit   .   (helmet restricted)
rElec    .         Reflect  .   (no cloak)
rCorr    .         Harm     .   j - +1 pair of gloves
MR       +....                  (no boots)
Stlth    ..........             (no amulet)
HPRegen  0.21/turn              d - ring of protection from magic
MPRegen  0.10/turn              (no ring)

@: berserking (expiring), lethally poisoned (-3 -> -5), very quick
A: antennae 1, icy blue scales 2
a: Depart the Abyss, Bend Space, Renounce Religion


You were on level 4 of the Dungeon.
You worshipped Lugonu.
Lugonu was pleased with you.
You were not hungry.

You visited 1 branch of the dungeon, and saw 4 of its levels.
You visited the Abyss 1 time.

You collected 117 gold pieces.

Inventory:

Hand Weapons
 a - a +2 hand axe (weapon)
Armour
 b - a +0 leather armour
 h - a +0 scale mail
 j - a +1 pair of gloves (worn)
 m - a +0 chain mail (worn)
Jewellery
 d - a ring of protection from magic (left hand)
Scrolls
 f - 5 scrolls of identify
 g - a scroll of enchant weapon
 k - a scroll of teleportation
 l - a scroll of remove curse
 n - a scroll of enchant armour
Potions
 i - 3 potions of heal wounds
 o - 2 potions of curing
Comestibles
 c - 10 rations


   Skills:
 - Level 5.0 Fighting
 - Level 1.7 Axes
 + Level 4.0 Armour
 - Level 0.8 Dodging
 - Level 2.4 Invocations


You had 4 spell levels left.
You didn't know any spells.
Your spell library was empty.

Dungeon Overview and Level Annotations

Branches:
Dungeon (4/15)
 Temple: D:4-7

Altars:
Trog


Innate Abilities, Weirdness & Mutations

You have a pair of small antennae on your head.
You are mostly covered in icy blue scales. (AC +3)


Message History

* * * LOW HITPOINT WARNING * * *
You hear a shout! x5
You slash the ogre!
The ogre is heavily wounded.
You hit the hound. You closely miss the howler monkey.
You feel sick.
The howler monkey hits you but does no damage.
The hound bites you but does no damage.
Unknown command.
You barely miss the ogre.
The ogre is heavily wounded.
You slash the howler monkey!
You kill the howler monkey!
Lugonu accepts your kill.
You feel your dexterity returning.
Your Armour skill increases to level 4!
Your chain mail prevents you from hitting the hound.
The hound bites you.
* * * LOW HITPOINT WARNING * * *
The ogre hits you with a giant club!
You die...

### ######## .... #
#....#.. ..... #
#....#.###..... #
#....#........
##########..).#....#####
'........'....'.@O......
########.#....#.h[......
# #.#....#......... #
#.#....#.....?.$. #
#.#....#......... #
#......####.(.... #
#..##+## ...... .. ...
...... ..# ...#


You could see an ogre and a hound.

Vanquished Creatures
  A howler monkey (D:4)
  A worker ant (D:4)
  6 adders
  An ooze (D:2)
  3 worms
  2 dart slugs
  2 leopard geckos (D:3)
  2 orcs (D:3)
  A ball python (D:2)
  8 giant cockroaches
  10 goblins
  10 hobgoblins
  10 kobolds
  A quokka (D:3)
  12 bats
  5 frilled lizards
  9 rats
84 creatures vanquished.

Notes
Turn   | Place    | Note
-------+----------+-------------------------------------------
     0 | Abyss:1  | tyranidshit the Demonspawn Abyssal Knight began the quest for the Orb.
     0 | Abyss:1  | Reached XP level 1. HP: 18/18 MP: 2/2
   132 | Abyss:1  | Noticed a tentacled starspawn
   133 | D:1      | Escaped the Abyss
   247 | D:1      | Reached * piety under Lugonu
   300 | D:1      | Gained mutation: You are partially covered in icy blue scales. (AC +2) [demonic ancestry]
   300 | D:1      | Reached XP level 2. HP: 15/24 MP: 3/3
   642 | D:1      | Reached skill level 4 in Fighting
  1101 | D:2      | Gained mutation: You have a pair of small antennae on your head. [demonic ancestry]
  1101 | D:2      | Reached XP level 3. HP: 22/30 MP: 4/4
  1630 | D:2      | Found a bloodstained altar of Trog.
  1805 | D:3      | Reached skill level 5 in Fighting
  1805 | D:3      | Gained mutation: You are mostly covered in icy blue scales. (AC +3) [demonic ancestry]
  1805 | D:3      | Reached XP level 4. HP: 15/39 MP: 5/5
  1843 | D:3      | Reached ** piety under Lugonu
  2265 | D:3      | Reached XP level 5. HP: 44/44 MP: 6/6
  2566 | D:4      | Noticed an ogre
  2574 | D:4      | Slain by an ogre

Skill      XL: |  1  2  3  4  5 |
---------------+----------------+-----
Fighting       | 4 5 |  5.0
Armour         | 3 4 |  4.0
Axes           | |  1.7
Dodging        | |  0.8
Invocations    | |  2.4

Action                   |  1- 3 |  4- 6 || total
-------------------------+-------+-------++-------
Melee: Hand axe          |   114 |   131 ||   245
Invok: Depart the Abyss  |     1 |       ||     1
  Use: Scroll            |     6 |       ||     6
       Potion            |     2 |     2 ||     4
  Eat: Ration            |     1 |     1 ||     2
Armor: Leather armour    |    22 |       ||    22
       Scale mail        |    45 |       ||    45
       Chain mail        |       |   134 ||   134
Dodge: Dodged            |    71 |    67 ||   138
